 Dungeon Crawl Stone Soup version 0.21.1-1-g345015f (webtiles) character file.

42 spiff the Grave Robber (level 3, 0/31 HPs)
             Began as a Deep Dwarf Necromancer on July 2, 2018.
             Killed from afar by Sigmund (4 damage)
             ... with a magic dart
             ... on level 2 of the Dungeon.
             The game lasted 00:06:25 (1488 turns).

spiff the Grave Robber (Deep Dwarf Necromancer)     Turns: 1488, Time: 00:06:25

Health: 0/31       AC:  3    Str: 11    XL:     3   Next: 33%
Magic:  0/6        EV: 12    Int: 16    God:
Gold:   111        SH:  0    Dex: 13    Spells: 1/6 levels left

rFire    . . .     SeeInvis .   k - -3 dagger (curse)
rCold    . . .     Gourm    .   (no shield)
rNeg     . . .     Faith    .   l - +0 leather armour
rPois    .         Spirit   .   (no helmet)
rElec    .         Reflect  .   (no cloak)
rCorr    .         Harm     .   (no gloves)
MR       .....                  (no boots)
Stlth    ++........             (no amulet)
HPRegen  0.00/turn              (no ring)
MPRegen  0.10/turn              (no ring)

@: non-regenerating
A: damage resistance, heal wounds, sense surroundings 1, no regeneration
a: Heal Wounds


You were on level 2 of the Dungeon.
You were not hungry.

You visited 1 branch of the dungeon, and saw 2 of its levels.

You collected 111 gold pieces.

Inventory:

Hand Weapons
 i - a +0 dagger
 k - a cursed -3 dagger (weapon)
Armour
 a - a +0 robe
 l - a +0 leather armour (worn)
Scrolls
 e - 2 scrolls of blinking {unknown}
 f - a scroll of noise {unknown}
 h - a scroll of fog {unknown}
 j - 2 scrolls of identify {unknown}
Potions
 d - a potion of flight {unknown}
 g - a potion of lignification
Books
 b - a book of Necromancy

   Spells                             Type                      Level
   a - Pain                           Necromancy                   1
   b - Animate Skeleton               Necromancy                   1
   c - Vampiric Draining              Necromancy                   3
   d - Regeneration                   Charms/Necromancy            3
   e - Animate Dead                   Necromancy                   4
   f - Borgnjor's Vile Clutch         Necromancy/Earth             5
Comestibles
 c - 3 rations


   Skills:
 + Level 1.3 Fighting
 - Level 2.1 Dodging
 - Level 2.4 Stealth
 + Level 2.3 Spellcasting
 + Level 4.9 Necromancy


You had one spell level left.
You knew the following spells:

 Your Spells              Type           Power        Failure   Level  Hunger
a - Pain                  Necr           ###.         3%          1    #......
b - Animate Skeleton      Necr           N/A          3%          1    #......
c - Vampiric Draining     Necr           ###.......   11%         3    ###....


Dungeon Overview and Level Annotations

Branches:
Dungeon (2/15)

Altars:
Beogh

Annotations:
D:2 Sigmund


Innate Abilities, Weirdness & Mutations

You are resistant to damage.
You can heal yourself by infusing magical energy.
You passively map a small area around you.
You do not regenerate.


Message History

Aiming: Vampiric Draining
Press: ? - help, Shift-Dir - straight line, f - jackal
Aim: a jackal You kill the jackal!
You feel life coursing into your body. The jackal closely misses you.
Casting: Vampiric Draining
Confirm with . or Enter, or press ? or * to list all spells.
You don't have enough magic to cast that spell.
You hit the jackal but do no damage.
The jackal is moderately wounded.
The jackal closely misses you.
You hear some strange, mumbled words.
A puff of flame appears from out of thin air!
The puff of flame hits you!
* * * LOW HITPOINT WARNING * * *
The jackal barely misses you.
You hear some strange, mumbled words.
A magic dart appears from out of thin air!
The magic dart hits you!
You die...

*
#.......#.#.......,
,
.............#..##
###.#######......#
*, *#.* #.....## ,,
* #.....# * *
##...## * , * #†..#
* *, , #.h.# *,
#.@†# * , #.{.#** ,
, , ...............
, ............... ,
...............# ,
, ######...#######
* *..... , * #....#
* * , * #....#


You could see a jackal.

Vanquished Creatures
  A dart slug (D:1)
  3 leopard geckos (D:2)
  2 bats (D:1)
  5 goblins (D:1)
  A hobgoblin (D:1)
  8 jackals
  A ball python (D:1)
  2 frilled lizards (D:1)
  3 kobolds (D:1)
  5 rats
31 creatures vanquished.

Vanquished Creatures (collateral kills)
  A dart slug (D:1)
1 creature vanquished.

Grand Total: 32 creatures vanquished

Notes
Turn   | Place    | Note
-------+----------+-------------------------------------------
     0 | D:1      | spiff the Deep Dwarf Necromancer began the quest for the Orb.
     0 | D:1      | Reached XP level 1. HP: 15/15 MP: 3/3
   133 | D:1      | Reached XP level 2. HP: 22/24 MP: 0/5
   191 | D:1      | Learned a level 1 spell: Animate Skeleton
   309 | D:1      | Reached skill level 1 in Fighting
   434 | D:1      | Found a roughly hewn altar of Beogh.
   434 | D:1      | Noticed an orc warrior
   903 | D:1      | Reached XP level 3. HP: 25/31 MP: 4/6
  1339 | D:2      | Learned a level 3 spell: Vampiric Draining
  1441 | D:2      | Noticed Sigmund
  1488 | D:2      | Killed from afar by Sigmund

Skill      XL: |  1  2 |
---------------+-------+-----
Spellcasting   | 2 |  2.3
Fighting       | 1 |  1.3
Dodging        | |  2.1
Stealth        | |  2.4
Necromancy     | |  4.9

Action                   || total
-------------------------++-------
Melee: Unarmed           ||    30
       Dagger            ||    24
 Cast: Pain              ||    52
       Animate Skeleton  ||    10
       Vampiric Draining ||     3
  Use: Potion            ||     1
 Stab: Sleeping          ||     1
  Eat: Chunk             ||     3
Armor: Robe              ||     5
       Skin              ||    65
       Leather armour    ||     1
Dodge: Dodged            ||    46
